Map: Primeval Wilds

Players

Leeyow

  • Race: Terran Terran
  • Spawn Location: 3:00

cArRyMePlZ

  • Race: Terran Terran
  • Spawn Location: 12:00

Infamous

  • Race: Zerg Zerg
  • League: Silver
  • Spawn Location: 12:00

Turaf

  • Race: Protoss Protoss
  • Spawn Location: 9:00

LeoZJ

  • Race: Protoss Protoss
  • Spawn Location: 6:00

troubling

  • Race: Zerg Zerg
  • League: Gold
  • Spawn Location: 5:00

lolsex

  • Race: Protoss Protoss
  • League: Diamond
  • Spawn Location: 6:00

EXIA

  • Race: Terran Terran
  • Spawn Location: 7:00

VOD

Have the link to the VOD?

Description

Time

  • Played on: March 27, 2018, 9:55 a.m.
  • Length: 7:18
Show
View Real Time Build Order
Export as new Build Order

Leeyow Terran 

Build Orders:  

Get SALT Encoding   

  12  0:03  SCV  
  13  0:15  SCV  
  14  0:27  SCV  
  15  0:37  Supply Depot  
  15  0:59  SCV  
  15  1:01  Supply Depot  
  16  1:11  SCV  
  17  1:23  SCV  
  17  1:25  Supply Depot  
  18  1:31  Refinery  
  18  1:57  Barracks, SCV  
  18  1:59  Refinery  
  19  2:08  Command Center  
  19  2:09  SCV  
  20  2:27  SCV  
  21  2:39  SCV  
  22  2:51  Marine  
  23  3:01  Orbital Command  
  23  3:08  Engineering Bay  
  23  3:09  Marine  
  24  3:27  Marine  
  25  3:37  SCV, Refinery  
  25  3:41  SCV  
  27  3:45  Marine  
  28  3:49  SCV  
  28  3:53  SCV  
  30  3:56  Terran Infantry Weapons Level 1  
  30  4:01  SCV  
  30  4:02  Barracks, Marine  
  31  4:05  SCV  
  33  4:13  SCV  
  34  4:17  SCV  
  34  4:20  Marine  
  28  4:25  SCV  
  18  4:38  Marine  
  8  4:56  Marine, SCV  
  9  5:08  SCV  
  9  5:14  Marine  
  10  5:20  SCV x2  
  13  5:31  Marine  
  13  5:32  SCV x2  
  13  5:34  Marine  
  17  5:44  SCV x2  
  17  5:49  Marine  
  20  5:52  Marine  
  20  5:56  SCV x2  
  22  6:07  Marine  
  22  6:08  SCV  
  22  6:09  SCV  
  22  6:10  Marine  
  26  6:13  Refinery  
  26  6:21  SCV x2  
  28  6:28  Marine  
  23  6:33  SCV x2  
  23  6:34  Marine  
  23  6:45  SCV  
  23  6:46  Marine  
  20  6:52  Marine  
  19  6:57  SCV  
Show
View Real Time Build Order
Export as new Build Order

cArRyMePlZ Terran 

Build Orders:  

Get SALT Encoding   

Show
View Real Time Build Order
Export as new Build Order

Infamous Zerg 

Build Orders: Hatch First 

Get SALT Encoding   

  12  0:05  Drone  
  13  0:14  Overlord  
  13  0:23  Drone  
  14  0:32  Drone x2  
  16  0:54  Drone  
  16  0:56  Hatchery  
  16  1:12  Drone x2  
  18  1:23  Spawning Pool  
  17  1:27  Extractor  
  17  1:28  Drone x2  
  18  1:48  Drone  
  19  2:04  Overlord  
  19  2:05  Drone  
  20  2:11  Drone  
  20  2:13  Queen  
  20  2:15  Queen  
  25  2:20  Drone x2  
  27  2:24  Overlord  
  27  2:37  Drone x2  
  27  2:38  Metabolic Boost  
  27  2:44  Zergling x4  
  31  2:56  Roach Warren  
  30  3:02  Queen x2  
  34  3:17  Drone x2  
  34  3:19  Drone x2  
  38  3:20  Overlord  
  38  3:23  Overlord  
  38  3:39  Lair  
  38  4:15  Drone  
  38  4:16  Drone x2  
  43  4:17  Roach  
  40  4:32  Zergling x2  
  40  4:33  Zergling x8  
  32  5:24  Overlord x3  
  29  5:40  Spore Crawler  
  28  5:43  Spine Crawler  
  28  5:46  Drone  
  28  5:47  Drone x6  
  28  5:48  Drone x5  
  39  6:11  Spore Crawler  
  38  6:12  Spine Crawler  
  37  6:19  Roach x4  
  43  6:31  Overlord x3  
  43  6:50  Ravager x2  
  49  6:59  Drone x2  
  49  7:00  Drone x5  
  49  7:01  Drone  
Show
View Real Time Build Order
Export as new Build Order

Turaf Protoss 

Build Orders:  

Get SALT Encoding   

  12  0:09  Assimilator  
  12  0:16  Probe (Chrono Boost)  
  13  0:24  Probe (Chrono Boost)  
  14  0:30  Probe  
  15  0:39  Pylon  
  15  0:50  Assimilator  
  15  0:57  Probe  
  16  1:15  Forge  
  16  1:28  Probe  
  17  1:35  Gateway  
  17  1:40  Probe  
  18  1:52  Probe  
  18  1:53  Photon Cannon  
  19  1:57  Pylon  
  19  2:10  Photon Cannon  
  19  2:16  Probe (Chrono Boost)  
  20  2:26  Probe (Chrono Boost)  
  21  2:32  Photon Cannon  
  21  2:39  Probe (Chrono Boost)  
  22  2:49  Probe (Chrono Boost)  
  23  2:51  Cybernetics Core  
  23  3:05  Pylon  
  23  3:08  Protoss Shields Level 1  
  23  3:30  Stargate  
  23  3:37  Adept  
  25  3:43  Protoss Air Weapons Level 1  
  22  4:14  Phoenix  
  22  4:40  Phoenix  
  24  5:10  Phoenix  
Show
View Real Time Build Order
Export as new Build Order

LeoZJ Protoss 

Build Orders: Phoenix Opening 

Get SALT Encoding   

  12  0:01  Probe  
  13  0:13  Probe  
  14  0:19  Pylon  
  14  0:25  Probe  
  15  0:38  Probe (Chrono Boost)  
  16  0:46  Probe (Chrono Boost)  
  16  0:48  Gateway  
  17  0:50  Assimilator  
  17  0:52  Probe  
  18  1:04  Probe (Chrono Boost)  
  19  1:14  Pylon  
  19  1:16  Probe (Chrono Boost)  
  20  1:21  Probe (Chrono Boost)  
  21  1:30  Probe  
  22  1:41  Cybernetics Core  
  22  1:43  Probe  
  23  1:56  Nexus  
  23  2:00  Probe  
  24  2:20  Probe  
  25  2:23  Assimilator  
  25  2:27  Stargate  
  25  2:32  Probe  
  25  2:38  Pylon  
  25  2:43  Assimilator  
  25  2:44  Probe (Chrono Boost)  
  25  2:46  Assimilator  
  26  2:55  Probe (Chrono Boost)  
  27  3:00  Probe (Chrono Boost)  
  27  3:03  Stargate  
  28  3:11  Probe (Chrono Boost)  
  29  3:14  Probe (Chrono Boost)  
  29  3:16  Phoenix (Chrono Boost)  
  32  3:26  Probe (Chrono Boost)  
  34  3:28  Probe (Chrono Boost)  
  34  3:32  Probe (Chrono Boost)  
  35  3:34  Phoenix  
  35  3:38  Probe  
  35  3:40  Probe  
  39  3:46  Phoenix  
  41  3:52  Probe  
  41  3:54  Probe  
  43  4:04  Probe (Chrono Boost)  
  43  4:07  Pylon  
  45  4:11  Probe (Chrono Boost)  
  45  4:12  Phoenix  
  45  4:14  Phoenix  
  45  4:16  Probe (Chrono Boost)  
  50  4:20  Probe (Chrono Boost)  
  51  4:40  Phoenix  
  51  4:41  Phoenix  
  56  4:45  Probe  
  56  4:56  Probe  
  57  5:00  Probe, Pylon  
  57  5:05  Phoenix  
  60  5:14  Phoenix  
  62  5:19  Nexus  
  62  5:21  Pylon  
  62  5:27  Probe  
  63  5:30  Fleet Beacon  
  63  5:41  Probe  
  64  5:45  Pylon  
  64  5:47  Probe  
  64  5:48  Assimilator  
  65  5:52  Phoenix x2, Assimilator  
  69  6:23  Phoenix x2  
  73  6:44  Probe  
  73  6:45  Probe  
  73  6:46  Probe  
  76  6:56  Probe  
  76  6:57  Probe  
  76  6:58  Probe  
Show
View Real Time Build Order
Export as new Build Order

troubling Zerg 

Build Orders: Pool First 

Get SALT Encoding   

  12  0:02  Drone  
  13  0:14  Overlord  
  13  0:22  Drone  
  14  0:33  Drone x2  
  16  0:37  Drone  
  17  0:50  Spawning Pool  
  17  0:55  Extractor  
  17  0:56  Drone  
  16  1:00  Drone  
  17  1:14  Drone  
  18  1:36  Queen  
  18  1:39  Zergling x4  
  22  1:41  Overlord  
  22  2:00  Zergling x2  
  23  2:01  Metabolic Boost  
  23  2:04  Zergling x2  
  24  2:20  Zergling x2  
  25  2:23  Hatchery  
  25  2:24  Zergling x2  
  24  2:36  Drone, Baneling Nest  
  24  2:45  Zergling x4  
  24  2:47  Zergling x2  
  27  3:00  Zergling x2  
  28  3:10  Zergling x2  
  29  3:18  Overlord  
  29  3:22  Baneling  
  29  3:23  Baneling x6  
  29  3:27  Overlord  
  29  3:37  Drone x2  
  29  3:40  Zergling x2  
  32  3:50  Zergling x4  
  32  3:51  Zergling x2  
  35  4:01  Zergling x2  
  35  4:02  Zergling x2  
  36  4:08  Zergling x2  
  32  4:38  Zergling x10  
  34  4:43  Zergling x2  
  31  4:50  Lair, Roach Warren  
  31  4:51  Drone  
  28  5:14  Baneling x3  
  28  5:22  Drone  
  28  5:23  Drone x2  
  28  5:25  Extractor  
  28  5:26  Drone x3  
  32  5:46  Drone  
  32  5:47  Drone x2  
  33  5:50  Drone  
  30  6:09  Drone x2  
  32  6:14  Drone  
  32  6:15  Drone  
  34  6:26  Drone  
  34  6:28  Hydralisk Den  
  34  6:30  Spore Crawler  
  34  6:32  Spore Crawler  
  32  6:35  Spore Crawler  
  32  6:36  Spore Crawler  
  32  6:37  Drone x2  
  32  6:39  Drone  
  33  6:40  Drone  
  33  6:44  Drone  
  35  6:50  Hatchery  
  34  6:58  Nydus Network  
  33  7:03  Drone x2  
  33  7:05  Drone  
Show
View Real Time Build Order
Export as new Build Order

lolsex Protoss 

Build Orders:  

Get SALT Encoding   

  12  0:05  Probe  
  13  0:17  Probe  
  14  0:27  Pylon  
  14  0:29  Probe  
  15  0:45  Probe  
  15  0:46  Forge  
  16  0:51  Gateway  
  16  1:00  Probe  
  16  1:01  Assimilator  
  17  1:22  Probe (Chrono Boost)  
  19  1:32  Probe (Chrono Boost)  
  19  1:33  Assimilator  
  19  1:39  Cybernetics Core  
  19  1:48  Probe (Chrono Boost)  
  20  1:59  Probe (Chrono Boost)  
  21  2:03  Probe (Chrono Boost)  
  22  2:11  Pylon  
  22  2:14  Probe  
  23  2:31  Stargate  
  23  2:33  Photon Cannon  
  23  2:35  Photon Cannon  
  23  2:40  Shield Battery  
  23  2:42  Shield Battery  
  23  2:51  Probe  
  24  3:01  Photon Cannon  
  24  3:03  Probe  
  25  3:12  Void Ray (Chrono Boost)  
  29  3:27  Fleet Beacon  
  29  3:43  Photon Cannon  
  29  3:48  Photon Cannon  
  29  4:03  Pylon  
  29  4:09  Photon Cannon  
  29  4:11  Pylon  
  29  4:26  Tempest (Chrono Boost)  
  35  4:42  Shield Battery  
  35  4:46  Shield Battery  
  35  4:54  Photon Cannon  
  35  5:00  Photon Cannon  
  35  5:03  Shield Battery  
  35  5:10  Probe (Chrono Boost)  
  36  5:20  Probe (Chrono Boost)  
  37  5:26  Tempest (Chrono Boost)  
  43  5:36  Shield Battery  
  43  5:55  Probe  
  44  6:01  Pylon  
  44  6:02  Tempest (Chrono Boost)  
  46  6:07  Probe  
  47  6:16  Photon Cannon  
  47  6:21  Photon Cannon  
  53  6:50  Pylon  
  53  7:01  Pylon  
  53  7:10  Shield Battery  
  53  7:11  Photon Cannon  
  53  7:14  Photon Cannon  
Show
View Real Time Build Order
Export as new Build Order

EXIA Terran 

Build Orders:  

Get SALT Encoding   

  12  0:01  SCV  
  13  0:13  SCV  
  14  0:29  Supply Depot  
  14  0:30  Refinery  
  14  0:34  SCV  
  15  0:50  SCV  
  15  0:52  Barracks  
  16  1:03  SCV  
  17  1:15  SCV  
  18  1:24  Refinery  
  18  1:27  SCV  
  19  1:39  Barracks Reactor, SCV  
  20  1:40  Supply Depot  
  20  1:51  SCV  
  21  1:57  Factory  
  21  2:03  SCV  
  21  2:04  Supply Depot  
  22  2:15  Orbital Command  
  22  2:17  Marine  
  22  2:19  Marine  
  24  2:35  Barracks  
  24  2:42  Starport  
  24  2:49  SCV  
  25  2:51  Factory Tech Lab  
  25  2:58  Marine x2  
  25  3:05  SCV  
  28  3:16  Marine x2  
  28  3:18  Medivac  
  32  3:33  Supply Depot  
  32  3:34  Marine x2  
  32  3:35  SCV  
  32  3:38  Supply Depot  
  35  3:48  Medivac  
  35  3:49  Engineering Bay  
  35  3:51  Marine, Stimpack  
  35  3:52  Marine  
  39  4:01  Marine  
  40  4:03  SCV  
  40  4:09  Supply Depot, Marine x2  
  43  5:01  Starport Reactor  
  43  5:02  Marine x2  
  43  5:03  Marine  
  43  5:06  Terran Infantry Weapons Level 1  
  46  5:17  Command Center  
  46  5:20  Marine x2  
  45  5:21  Marine  
  42  5:37  Marine  
  42  5:39  Marine  
  42  5:40  Marine  
  45  5:45  Barracks  
  45  5:48  Barracks  
  45  5:50  Factory Tech Lab  
  45  5:55  Marine  
  46  5:57  Marine x2  
  48  6:11  SCV, Sensor Tower  
  49  6:13  Marine  
  49  6:14  Marine  
  49  6:15  Marine  
  52  6:23  SCV  
  53  6:31  Marine  
  53  6:32  Armory  
  54  6:33  Marine  
  54  6:35  SCV  
  56  6:47  SCV  
  56  6:49  Marine  
  56  6:51  Marine  
Tags
 
Add a new tag
Caveats
  • Supply blocks, unpowered buildings, or Contaminate may cause inaccurate times.
  • Supply counts are checked every 10 seconds.